 Dungeon Crawl Stone Soup version 0.31-a0-995-g04711c9635 (webtiles) character file.

Game seed: 16144816863100008491

89 Dirtsage the Conjurer (level 4, 28/29 (34) HPs)
             Began as a Demonspawn Reaver on Nov 6, 2023.
             Quit the game on level 2 of the Dungeon.
             The game lasted 00:04:11 (1247 turns).

Dirtsage the Conjurer (Demonspawn Reaver)           Turns: 1247, Time: 00:04:12

HP:   28/29 (34)    AC:  3    Str: 15    XL:     4   Next: 31%
MP:   7/7           EV: 12    Int: 20    God:
Gold: 115           SH:  0    Dex: 17    Spells: 7/8 levels left

rFire   . . .        a - +0 hand axe
rCold   . . .        (no shield)
rNeg    . . .        b - +0 leather armour
rPois   .            (helmet restricted)
rElec   .            (no cloak)
rCorr   .            (no gloves)
SInv    .            (no boots)
Will    .....        (no amulet)
Stlth   +            e - +6 ring of dexterity
HPRegen 0.24/turn    g - +6 ring of intelligence
MPRegen 0.10/turn

%: no passive effects
@: heavily drained
A: antennae 1, demonic touch 2
a: no special abilities


You were on level 2 of the Dungeon.
You visited 1 branch of the dungeon, and saw 2 of its levels.

You collected 115 gold pieces.

Inventory:

Hand Weapons
 a - a +0 hand axe (weapon)
Armour
 b - a +0 leather armour (worn)
Jewellery
 e - a +6 ring of dexterity (left hand)
 f - a ring of flight
 g - a +6 ring of intelligence (right hand)
Scrolls
 i - 3 scrolls of enchant armour {unknown}
 k - a scroll of teleportation {unknown}
 m - a scroll of immolation {unknown}
 n - a scroll of identify {unknown}
Potions
 c - a potion of brilliance {unknown}
 d - 2 potions of heal wounds {unknown}
 h - a potion of mutation {unknown}
 j - a potion of cancellation {unknown}
 l - a potion of degeneration {unknown}


   Skills:
 + Level 2.6 Fighting
 + Level 3.2 Axes
 + Level 2.5 Dodging
 + Level 2.5 Spellcasting
 + Level 3.5 Conjurations


You had 7 spell levels left.
You knew the following spells:

 Your Spells              Type           Power      Damage    Failure   Level
a - Kiss of Death         Conj/Necr      36%        2d8       9%          1

Your spell library contained the following spells:

 Spells                   Type           Power      Damage    Failure   Level
 Momentum Strike          Conj/Tloc      18%        3d8       14%         2
 Hailstorm                Conj/Ice       9%         3d4       26%         3


Dungeon Overview and Level Annotations

Branches:
Dungeon (2/15)

Altars:


Innate Abilities, Weirdness & Mutations

You have a pair of small antennae on your head.
Your touch may inflict irresistible damage on your foes.


Message History

You kill Jessica!
You have reached level 4!
You feel stronger.
Your demonic ancestry asserts itself...
A pair of antennae grows on your head!
You regained 6 hp, and now have 26/29 hp.
Are you sure you want to abandon this character and quit the game? (Confirm with "yes".)
Okay, then.
The dart slug launches a dart at you. The slug dart misses you.
You hit the dart slug but do no damage.
You touch the dart slug!
The dart slug is almost dead.
The dart slug bites you but does no damage.
You hit the dart slug.
You kill the dart slug!
No target in view!
Magic restored.
You see here a +0 mace.
Found a faded altar of an unknown god.
Health restored: 29; MP restored: 7 A spectral goblin comes into view.
The spectral goblin moves out of view.
A spectral goblin is nearby!
The spectral goblin hits you but does no damage.
You hit the spectral goblin.
The spectral goblin is severely damaged.
The spectral goblin hits you but does no damage.
You closely miss the spectral goblin.
The spectral goblin is severely damaged.
The spectral goblin closely misses you. The spectral goblin barely misses you.
You hit the spectral goblin but do no damage.
The spectral goblin is severely damaged.
The spectral goblin hits you.
You take 1 damage, and have 28/29 hp.
You hit the spectral goblin.
You destroy the spectral goblin!
No target in view!
Okay, then.
Unknown command.
Unknown command.
Are you sure you want to abandon this character and quit the game? (Confirm with "yes".)

...# ###..##~~~.
#....#~.~.~ ### #.~.~#
~~~~ .~# ######.~###~~..~
#~# ........~~~~~~_~ #~#
.....##~#8.####~## #.##
.....##~####~~~~~####~.#
..†...#...~~~~~.@~~.~..#
......#...#.####.##.#..#
.........##.####..#...##
....<###...>..##......#
##..## ####.#.##......#
##.# ####).#.........##
#.###....#####.......#####
#### #.....####
#...........###...
###.....#
#.....#..##.....##


There were no monsters in sight!

Vanquished Creatures
  Jessica (D:2)
  A gnoll (D:1)
  A worm (D:2)
  2 dart slugs
  4 ball pythons
  4 endoplasms
  2 goblins
  8 hobgoblins
  3 jackals (D:1)
  2 quokkas (D:2)
  3 bats (D:1)
  3 frilled lizards
  4 kobolds
  5 rats
  A spectral goblin (D:2)
44 creatures vanquished.

Notes
Turn   | Place    | Note
-------+----------+-------------------------------------------
     0 | D:1      | Dirtsage the Demonspawn Reaver began the quest for the Orb.
     0 | D:1      | Reached XP level 1. HP: 16/16 MP: 3/3
   151 | D:1      | Discovered your monstrous ancestry.
   151 | D:1      | Gained mutation: Your touch may inflict minor irresistible
                  | damage on your foes. [demonic ancestry]
   151 | D:1      | Reached XP level 2. HP: 8/21 MP: 5/5
   412 | D:1      | Gained mutation: Your touch may inflict irresistible damage
                  | on your foes. [demonic ancestry]
   412 | D:1      | Reached XP level 3. HP: 24/24 MP: 6/6
  1158 | D:2      | Noticed Jessica
  1165 | D:2      | Killed Jessica
  1166 | D:2      | Gained mutation: You have a pair of small antennae on your
                  | head. [demonic ancestry]
  1166 | D:2      | Reached XP level 4. HP: 26/29 MP: 5/7
  1234 | D:2      | Found a faded altar of an unknown god.
  1247 | D:2      | Quit the game

Illustrated notes

Levels and vault maps discovered:
D:1:      onia_arrival_pyramid, layout_basic, minmay_box_of_dots
D:2:      layout_rooms, dreamdust_ecumenical_altar_drowned_temple, uniq_jessica

Skill      XL: |  1  2  3 |
---------------+----------+-----
Dodging        | 2 |  2.5
Axes           | 3 |  3.2
Fighting       | |  2.6
Spellcasting   | |  2.5
Conjurations   | |  3.5

Action                     |  1- 3 |  4- 6 || total
---------------------------+-------+-------++-------
  Melee: Hand axe          |    98 |     6 ||   104
         Punch             |     3 |       ||     3
         Touch             |     9 |     1 ||    10
   Cast: Kiss of Death     |     3 |       ||     3
   Stab: Sleeping          |     2 |       ||     2
 Armour: Leather armour    |    46 |     4 ||    50
  Dodge: Dodged            |    70 |     3 ||    73

Table legend: (Time is in decaauts)
 A = Elapsed time spent in this place.
 B = Non-inter-level travel time spent in this place.
 C = Inter-level travel time spent in this place.
 D = Time resting spent in this place.
 E = Time spent auto-exploring this place.
 F = Levels seen in this place.
 G = Mean time per level.
                   A        B        C        D        E       F      G
               +--------+--------+--------+--------+--------+-----+--------+
         Total |   1262 |   1237 |     25 |    133 |    870 |   2 |  631.0 |
       Dungeon |   1262 |   1237 |     25 |    133 |    870 |   2 |  631.0 |
               +--------+--------+--------+--------+--------+-----+--------+

Top non-repeatable levels by time:
     D:1: 778 daAuts
     D:2: 484 daAuts
